 Dungeon Crawl Stone Soup version 0.24.1-14-gf8d2b509d9 (console) character file.

Game seed: 4450854351001799200, levelgen mode: deterministic

6386 Kagalorn the Slicer (level 10, -4/76 HPs)
             Began as a Gnoll Wanderer on July 15, 2021.
             Was a Believer of Cheibriados.
             Slain by an orc knight
             ... wielding a +0 trident
              (11 damage)
             ... in a bailey.
             The game lasted 00:28:34 (10238 turns).

Kagalorn the Slicer (Gnoll Wanderer)               Turns: 10238, Time: 00:28:35

Health: -4/76      AC: 15    Str: 27    XL:     10   Next: 97%
Magic:  18/18      EV:  9    Int: 18    God:    Cheibriados [**....]
Gold:   667        SH:  0    Dex: 25    Spells: 20/20 levels left

rFire    . . .     SeeInvis .   w - +2 whip (elec)
rCold    . . .     Gourm    .   (no shield)
rNeg     . . .     Faith    .   i - +0 plate armour
rPois    .         Spirit   .   (no helmet)
rElec    .         Reflect  .   (no cloak)
rCorr    .         Harm     .   (no gloves)
MR       .....                  A - +1 pair of boots
Stlth    ..........             (no amulet)
HPRegen  0.22/turn              L - -3 ring of evasion (curse)
MPRegen  0.16/turn              H - +3 ring of dexterity

@: mighty, very slow
A: distributed training, fangs 1, strong nose
a: Bend Time, Renounce Religion


You were in a bailey.
You worshipped Cheibriados.
Cheibriados was pleased with you.
You were hungry.

You visited 2 branches of the dungeon, and saw 10 of its levels.
You also visited: Ossuary and Bailey.

You collected 667 gold pieces.

Inventory:

Hand Weapons
 a - a +2 short sword of holy wrath
 b - a +2 dagger of venom
 w - a +2 whip of electrocution (weapon)
 Q - a +0 halberd
Missiles
 h - 180 stones (quivered)
 l - 56 sling bullets
 p - 121 arrows
 q - 6 poisoned darts
 y - 52 bolts
 J - 4 datura-tipped darts
 M - 2 boomerangs
 O - 3 atropa-tipped darts
Armour
 i - a +0 plate armour (worn)
 A - a +1 pair of boots (worn)
Jewellery
 u - an uncursed amulet of faith
 v - an uncursed ring of flight
 H - a +3 ring of dexterity (right hand)
 L - a cursed -3 ring of evasion (left hand)
Wands
 r - a wand of scattershot (1)
 C - a wand of flame (1)
Scrolls
 c - a scroll of amnesia
 f - 2 scrolls of magic mapping
 g - a scroll of identify
 m - 6 scrolls of enchant weapon
 n - 10 scrolls of enchant armour
 s - 3 scrolls of remove curse
 N - a scroll of vulnerability
Potions
 j - 3 potions of lignification {unknown}
 o - 4 potions of curing
 t - 3 potions of brilliance
 x - 2 potions of haste {unknown}
 B - 3 potions of flight {unknown}
 D - 2 potions of might
 E - a potion of cancellation {unknown}
 F - a potion of magic {unknown}
 G - 8 potions of heal wounds
 I - 2 potions of resistance {unknown}
 S - a potion of invisibility {unknown}
Comestibles
 d - 10 rations


   Skills:
 + Level 6.3 Fighting
 + Level 11.6 Short Blades
 + Level 5.6 Long Blades
 + Level 5.6 Axes
 + Level 5.6 Maces & Flails
 + Level 5.6 Polearms
 + Level 5.6 Staves
 + Level 5.6 Slings
 + Level 5.6 Bows
 + Level 5.6 Crossbows
 + Level 6.3 Throwing
 + Level 7.4 Armour
 + Level 5.6 Dodging
 + Level 5.6 Stealth
 + Level 6.3 Shields
 + Level 5.6 Unarmed Combat
 + Level 5.6 Spellcasting
 + Level 4.7 Conjurations
 + Level 4.7 Hexes
 + Level 4.7 Charms
 + Level 4.7 Summonings
 + Level 4.7 Necromancy
 + Level 4.7 Translocations
 + Level 4.7 Transmutations
 + Level 4.7 Fire Magic
 + Level 4.7 Ice Magic
 + Level 4.7 Air Magic
 + Level 4.7 Earth Magic
 + Level 4.7 Poison Magic
 + Level 6.2 Invocations
 + Level 5.6 Evocations


You had 20 spell levels left.
You didn't know any spells.
Your spell library contained the following spells:

 Spells                   Type           Power        Failure   Level  Hunger
 Freeze                   Ice            ###.         19%         1    None
 Throw Frost              Conj/Ice       ###...       28%         2    None
 Ozocubu's Armour         Chrm/Ice       ###.....     50%         3    ##.....
 Summon Ice Beast         Ice/Summ       ###.....     88%         4    ####...
 Throw Icicle             Conj/Ice       ###.....     88%         4    ####...


Dungeon Overview and Level Annotations

Branches:
Dungeon (9/15)             Temple (1/1) D:7            Lair (0/6) D:8
Ossuary (visited)          Bailey (1/1)
    Orc: D:9-12

Altars:
Ashenzari
Cheibriados
Dithmenos
Elyvilon
Fedhas
Hepliaklqana
Kikubaaqudgha
Makhleb
Nemelex Xobeh
Okawaru
Qazlal
Ru
Sif Muna
Trog
Uskayaw
Vehumet
Wu Jian
Yredelemnul
Zin
The Shining One

Shops:
D:4 (   D:7 [   D:9 }

Annotations:
D:6 LemonRage's ghost, novice DEFE


Innate Abilities, Weirdness & Mutations

Your experience applies equally to all skills.
You have very sharp teeth.
Your uncanny sense of smell can sniff out nearby items.


Message History

There's nothing to close nearby.
There's nothing to close nearby.
Okay, then.
Okay, then.
It was a potion of might.
You feel very mighty all of a sudden.
An orc knight opens the gate.
The orc knight hits you but does no damage.
The orc knight barely misses you.
There is an open gate here.
You whack the orc knight!
The orc knight is moderately wounded.
The orc knight hits you with a +0 trident!!
* * * LOW HITPOINT WARNING * * *
Your plate armour prevents you from hitting the orc knight.
The orc knight is moderately wounded.
You whack the orc knight!
The orc knight is moderately wounded.
The orc knight hits you with a +0 trident!
You die...

#.......#
##.....##
##'''##
#.....#
#..)..#
#..[..#
#.....#
#..)).#
##@''##
##o....##
#.......#
#.......#
#.......#
#.......#
#.......#
##.....##
#o''''#


You could see an orc knight.

Vanquished Creatures
  A two-headed ogre (D:8)
  Pikel (D:6)
  2 orc knights (Bailey)
  Prince Ribbit (D:6)
  Sigmund (D:6)
  Duvessa (D:5)
  A water moccasin (D:6)
  2 sky beasts
  10 orc warriors
  2 phantoms
  3 slaves (D:6)
  A black bear (D:8)
  4 ice beasts
  4 ogres
  A centaur (D:6)
  A big kobold (D:7)
  Blork the orc (D:5)
  4 bullfrogs
  An elf zombie (Ossuary)
  A wyvern skeleton (D:8)
  Dowan (D:5)
  A howler monkey (D:5)
  2 crimson imps
  A centaur zombie (D:8)
  4 orc priests
  2 hounds
  A gnoll shaman (D:6)
  A jelly (D:7)
  A bullfrog skeleton (D:4)
  A centaur skeleton (D:4)
  2 iguanas
  2 orc wizards
  5 worker ants
  2 big kobold zombies (Ossuary)
  2 hound zombies (Ossuary)
  A hound skeleton (D:6)
  3 mummies (Ossuary)
  12 adders
  7 gnolls
  2 oozes
  3 adder skeletons
  2 adder zombies
  A worm (D:4)
  3 dart slugs
  6 leopard geckos
  46 orcs
  4 giant cockroaches
  A gnoll zombie (Ossuary)
  7 goblins
  8 hobgoblins
  2 jackals (D:5)
  7 kobolds
  A quokka (D:7)
  A ball python (D:1)
  7 bats
  6 frilled lizards
  2 goblin zombies (Ossuary)
  6 hobgoblin zombies (Ossuary)
  5 jackal zombies (Ossuary)
  4 kobold zombies (Ossuary)
  A leopard gecko zombie (D:7)
  An orc zombie (Ossuary)
  4 quokka zombies (Ossuary)
  2 rats (D:2)
  3 rat zombies (Ossuary)
229 creatures vanquished.

Vanquished Creatures (others)
  3 gnolls (D:6)
  6 plants (D:6)
9 creatures vanquished.

Grand Total: 238 creatures vanquished

Notes
Turn   | Place    | Note
-------+----------+-------------------------------------------
     0 | D:1      | Reached skill level 10 in Short Blades
     0 | D:1      | Kagalorn the Gnoll Wanderer began the quest for the Orb.
     0 | D:1      | Kagalorn set off with the following items: a +2 short
                  | sword, a scroll of teleportation, a +0 ring mail, a ration
     0 | D:1      | Reached XP level 1. HP: 17/17 MP: 1/1
   102 | D:1      | Reached XP level 2. HP: 20/23 MP: 2/2
   299 | D:1      | Reached XP level 3. HP: 25/28 MP: 3/3
   779 | D:2      | Reached skill level 1 in Invocations
  1034 | D:2      | Reached skill level 1 in Long Blades
  1034 | D:2      | Reached skill level 1 in Axes
  1034 | D:2      | Reached skill level 1 in Maces & Flails
  1034 | D:2      | Reached skill level 1 in Polearms
  1034 | D:2      | Reached skill level 1 in Staves
  1034 | D:2      | Reached skill level 1 in Slings
  1034 | D:2      | Reached skill level 1 in Bows
  1034 | D:2      | Reached skill level 1 in Crossbows
  1034 | D:2      | Reached skill level 1 in Dodging
  1034 | D:2      | Reached skill level 1 in Stealth
  1034 | D:2      | Reached skill level 1 in Unarmed Combat
  1034 | D:2      | Reached skill level 1 in Spellcasting
  1034 | D:2      | Reached skill level 1 in Evocations
  1059 | D:2      | Reached XP level 4. HP: 24/34 MP: 5/5
  1274 | D:3      | Reached skill level 1 in Conjurations
  1274 | D:3      | Reached skill level 1 in Hexes
  1274 | D:3      | Reached skill level 1 in Charms
  1274 | D:3      | Reached skill level 1 in Summonings
  1274 | D:3      | Reached skill level 1 in Necromancy
  1274 | D:3      | Reached skill level 1 in Translocations
  1274 | D:3      | Reached skill level 1 in Transmutations
  1274 | D:3      | Reached skill level 1 in Fire Magic
  1274 | D:3      | Reached skill level 1 in Ice Magic
  1274 | D:3      | Reached skill level 1 in Air Magic
  1274 | D:3      | Reached skill level 1 in Earth Magic
  1274 | D:3      | Reached skill level 1 in Poison Magic
  1442 | D:3      | Found a white marble altar of Elyvilon.
  1538 | D:3      | Found a burning altar of Makhleb.
  1584 | D:3      | Reached XP level 5. HP: 40/40 MP: 6/6
  1641 | D:3      | Noticed an ice beast
  1662 | D:3      | Killed an ice beast
  1817 | D:3      | Found an ornate altar of the Wu Jian Council.
  1817 | D:3      | Found a stormy altar of Qazlal.
  1972 | D:4      | Found a sand-covered staircase.
  2059 | D:4      | Reached XP level 6. HP: 27/47 MP: 8/8
  2215 | Ossuary  | Entered an ossuary
  2275 | Ossuary  | Reached skill level 5 in Armour
  2417 | Ossuary  | Reached XP level 7. HP: 50/52 MP: 10/10
  2720 | D:4      | Found Dadabb's Weapon Shoppe.
  2862 | D:4      | Found a radiant altar of Vehumet.
  3215 | D:4      | Found a glowing silver altar of Zin.
  3285 | D:5      | Entered Level 5 of the Dungeon
  3325 | D:5      | Noticed Duvessa
  3325 | D:5      | Noticed Dowan
  3348 | D:5      | Killed Dowan
  3367 | D:5      | Killed Duvessa
  3367 | D:5      | Reached XP level 8. HP: 11/60 MP: 10/12
  4883 | D:6      | Noticed Blork the orc
  5002 | D:5      | Killed Blork the orc
  5272 | D:6      | Found a transporter.
  5293 | D:6      | Identified the +11 trident "Ulaeb" {pain, rF- Int+7}
  5293 | D:6      | Identified the +7 ring mail of Fashionability {*Corrode
                  | Regen+ Dex+6}
  5366 | D:6      | Found a transporter.
  5377 | D:6      | Noticed LemonRage's ghost (novice DEFE)
  5420 | D:6      | Reached skill level 11 in Short Blades
  5420 | D:6      | Reached XP level 9. HP: 60/66 MP: 14/14
  5504 | D:6      | Noticed Sigmund
  5727 | D:6      | Killed Sigmund
  5787 | D:6      | Noticed Prince Ribbit
  5892 | D:6      | Killed Prince Ribbit
  6196 | D:6      | Noticed Pikel
  6230 | D:6      | Killed Pikel
  6230 | D:6      | Reached skill level 5 in Fighting
  6230 | D:6      | Reached skill level 5 in Throwing
  6230 | D:6      | Reached skill level 5 in Shields
  7144 | D:7      | Reached skill level 5 in Invocations
  7503 | D:7      | Found a staircase to the Ecumenical Temple.
  7510 | Temple   | Entered the Ecumenical Temple
  7686 | Temple   | Became a worshipper of Cheibriados the Contemplative
  7823 | D:7      | Reached XP level 10. HP: 43/74 MP: 17/17
  7885 | D:7      | Found Keloj's Armour Emporium.
  8008 | D:8      | Reached * piety under Cheibriados
  8192 | D:8      | Found a staircase to the Lair.
  8427 | D:8      | Reached skill level 5 in Long Blades
  8427 | D:8      | Reached skill level 5 in Axes
  8427 | D:8      | Reached skill level 5 in Maces & Flails
  8427 | D:8      | Reached skill level 5 in Polearms
  8427 | D:8      | Reached skill level 5 in Staves
  8427 | D:8      | Reached skill level 5 in Slings
  8427 | D:8      | Reached skill level 5 in Bows
  8427 | D:8      | Reached skill level 5 in Crossbows
  8427 | D:8      | Reached skill level 5 in Dodging
  8427 | D:8      | Reached skill level 5 in Stealth
  8427 | D:8      | Reached skill level 5 in Unarmed Combat
  8427 | D:8      | Reached skill level 5 in Spellcasting
  8427 | D:8      | Reached skill level 5 in Evocations
  8503 | D:8      | Noticed a two-headed ogre
  8517 | D:8      | Killed a two-headed ogre
  8917 | D:9      | Found Zeeva's Gadget Boutique.
  8955 | D:9      | Found a flagged portal.
  8973 | Bailey   | Entered a bailey
  9338 | Bailey   | Reached ** piety under Cheibriados
  9562 | Bailey   | Identified a scroll of acquirement
  9565 | Bailey   | Got an ichor-stained helmet
  9571 | Bailey   | Identified the +0 helmet of Whack-A-Mole {rN++ Dex-5 SInv}
                  | (You acquired it in a bailey)
  9622 | Bailey   | Noticed an orc knight
  9630 | Bailey   | Killed an orc knight
 10032 | Bailey   | Noticed an orc knight
 10066 | Bailey   | Killed an orc knight
 10092 | Bailey   | Noticed an orc knight
 10238 | Bailey   | Slain by an orc knight

Levels and vault maps discovered:
D:1:      nzn_arrival_crosshair, layout_basic
D:2:      layout_loops_ring, first_ration
D:3:      layout_basic, gammafunk_temple_overflow_elements,
          lemuel_coloured_pillars_altar, elyvilon_altar_4
D:4:      layout_basic, zin_treasury, serial_shops, shop_statue, serial_bayou,
          serial_bayou_pond_b, serial_bayou_pond_a, serial_bayou_pond_d,
          serial_bayou_ford_a, nicolae_ossuary_entry_false_entrances,
          vehumet_altar_wand_db
D:5:      layout_gridville, minmay_misc_feat_x, kennysheep_small_square,
          uniq_duvessa
D:6:      layout_rooms, gammafunk_ghost_gnarly_gnolls, uniq_blork_the_orc,
          uniq_sigmund, uniq_prince_ribbit1, uniq_pikel
D:7:      layout_basic, temple_fountains, serial_shops, shop, minivault_5
D:8:      layout_rooms, lair_entry_dummy
D:9:      layout_loops_ring, lemuel_round_altar, xom_teletrap_fun, serial_shops,
          nicolae_shop_waterfront, shop, nicolae_shop_statue_plus, shop,
          enter_bailey_7, nicolae_ru_sacrificial_ziggurat
Temple:   eino_temple_rhombus
Bailey:   bailey_polearm_5, bailey

Skill      XL: |  1  2  3  4  5  6  7  8  9 10 |
---------------+-------------------------------+-----
Short Blades   | 11 | 11.6
Invocations    | 1 2 3 4 5 6 |  6.2
Long Blades    | 1 2 3 4 5 |  5.6
Axes           | 1 2 3 4 5 |  5.6
Maces & Flails | 1 2 3 4 5 |  5.6
Polearms       | 1 2 3 4 5 |  5.6
Staves         | 1 2 3 4 5 |  5.6
Slings         | 1 2 3 4 5 |  5.6
Bows           | 1 2 3 4 5 |  5.6
Crossbows      | 1 2 3 4 5 |  5.6
Dodging        | 1 2 3 4 5 |  5.6
Stealth        | 1 2 3 4 5 |  5.6
Unarmed Combat | 1 2 3 4 5 |  5.6
Spellcasting   | 1 2 3 4 5 |  5.6
Evocations     | 1 2 3 4 5 |  5.6
Conjurations   | 1 2 3 4 |  4.7
Hexes          | 1 2 3 4 |  4.7
Charms         | 1 2 3 4 |  4.7
Summonings     | 1 2 3 4 |  4.7
Necromancy     | 1 2 3 4 |  4.7
Translocations | 1 2 3 4 |  4.7
Transmutations | 1 2 3 4 |  4.7
Fire Magic     | 1 2 3 4 |  4.7
Ice Magic      | 1 2 3 4 |  4.7
Air Magic      | 1 2 3 4 |  4.7
Earth Magic    | 1 2 3 4 |  4.7
Poison Magic   | 1 2 3 4 |  4.7
Fighting       | 3 4 5 6 |  6.3
Throwing       | 3 4 5 6 |  6.3
Shields        | 3 4 5 6 |  6.3
Armour         | 5 6 7 |  7.4

Action                   |  1- 3 |  4- 6 |  7- 9 | 10-12 || total
-------------------------+-------+-------+-------+-------++-------
Melee: Short sword       |    82 |   144 |   108 |       ||   334
       Bite              |     9 |    21 |    78 |    44 ||   152
       Dagger            |       |    46 |   367 |    31 ||   444
       Punch             |       |     1 |     5 |     6 ||    12
       Whip              |       |       |    76 |   139 ||   215
       Halberd           |       |       |       |    32 ||    32
Throw: Dart              |       |       |     8 |    19 ||    27
       Javelin           |       |       |       |     7 ||     7
       Stone             |       |       |       |     3 ||     3
Evoke: Wand              |       |       |       |    20 ||    20
  Use: Potion            |       |       |     3 |     8 ||    11
       Scroll            |       |       |     1 |    12 ||    13
 Stab: Sleeping          |     1 |     1 |       |       ||     2
  Eat: Chunk             |       |     3 |     5 |       ||     8
       Ration            |       |     1 |     3 |     1 ||     5
Armor: Ring mail         |    22 |    51 |    13 |       ||    86
       Plate armour      |       |       |   214 |   175 ||   389
Dodge: Dodged            |    26 |    63 |   123 |   144 ||   356
